 Dungeon Sprint DCSS version 0.30-a0-840-ga523dec638 (webtiles) character file.

Game seed: 6714348933082674265

120 NinjaNoafa the Grasshopper (level 4, -1/31 (42) HPs)
             Began as an Armataur Warper on Mar 2, 2023.
             Was a Follower of Uskayaw.
             Slain by a wight
             ... wielding a +3 morningstar
              (2 damage)
             ... in the Dungeon (Sprint VII: "The Pits").
             The game lasted 00:02:46 (316 turns).

NinjaNoafa the Grasshopper (Armataur Warper)         Turns: 316, Time: 00:02:47

HP:   -1/31 (42)    AC:  4    Str: 17    XL:     4   Next: 75%
MP:   3/9           EV: 10    Int: 15    God:    Uskayaw [*.....]
Gold: 0             SH:  0    Dex:  9    Spells: 0/10 levels left

rFire   . . .      SeeInvis .    a - +0 dagger (drain)
rCold   . . .      Faith    .    (no shield)
rNeg    . . .      Spirit   .    b - +0 leather armour
rPois   .          Reflect  .    (no helmet)
rElec   .          Harm     .    (no cloak)
rCorr   .          Roll     +    (no gloves)
Will    .....      NoTele   +    (no barding)
Stlth   +                        (no amulet)
HPRegen 0.25/turn                (no ring)
MPRegen 0.11/turn                (no ring)

@: hasted, very heavily drained, very quick
A: large, rugged brown scales 3, deformed body, armoured tail, roll, long
tongue, awkward tongue
a: Renounce Religion, Stomp


You were in the Dungeon.
You worshipped Uskayaw.
Uskayaw was noncommittal.
You visited 1 branch

Inventory:

Hand Weapons
 a - a +0 dagger of draining (weapon)
Missiles
 d - 7 boomerangs of dispersal (quivered)
Armour
 b - a +0 leather armour (worn)
Scrolls
 c - a scroll of blinking
 k - 5 scrolls of amnesia
 l - a scroll of summoning
 m - 2 scrolls of vulnerability
Potions
 e - 6 potions of curing
 f - 2 potions of heal wounds
 h - 4 potions of magic
 i - 2 potions of berserk rage
 j - 2 potions of invisibility


   Skills:
 - Level 4.0 Fighting
 - Level 4.0 Short Blades
 - Level 0.8 Throwing
 - Level 3.0 Armour
 - Level 3.3 Dodging
 + Level 3.8 Spellcasting
 + Level 5.1 Translocations
 + Level 0.0 Air Magic
 + Level 0.0 Invocations


You couldn't memorise any spells.
You knew the following spells:

 Your Spells              Type           Power      Damage    Failure   Level
a - Blink                 Tloc           36%        N/A       4%          2
b - Lesser Beckoning      Tloc           36%        N/A       4%          2
c - Teleport Other        Tloc           18%        N/A       8%          3
d - Vhi's Electric Charg  Tloc/Air       20%        N/A       22%         3

Your spell library contained the following spells:

 Spells                   Type           Power      Damage    Failure   Level
 Manifold Assault         Tloc           18%        N/A       26%         4


Dungeon Overview and Level Annotations

Branches:
Dungeon (1/1)

Altars:
Ashenzari
Cheibriados
Dithmenos
Elyvilon
Fedhas
Gozag
Hepliaklqana
Kikubaaqudgha
Makhleb
Nemelex Xobeh
Okawaru
Qazlal
Ru
Sif Muna
Trog
Uskayaw
Vehumet
Wu Jian
Xom
Yredelemnul
Zin
The Shining One
Jiyva
Lugonu


Innate Abilities, Weirdness & Mutations

You are completely covered in rugged brown scales. (AC +3, +7% HP)
Armour fits poorly on your strangely shaped body.
You have a long armoured tail.
You roll when moving toward enemies. (Rampage)
Your long tongue fully drains potion bottles. (2x potion effects)
Your tongue gives you trouble enunciating. (1.5x scroll delay)


Message History

The wight hits you with a +3 morningstar!
* * * LOW HITPOINT WARNING * * *
You roll towards the wight!
You hit the wight.
Your tail-slap misses the wight.
The wight is lightly damaged.
Your magical contamination has completely faded away.
The wight hits you with a +3 morningstar!
* * * LOW HITPOINT WARNING * * *
You slurp down every last drop of the potion of heal wounds!
You feel much better.
You hit the wight but do no damage.
The wight is lightly damaged.
You hit the wight but do no damage. You tail-slap the wight.
The wight is lightly damaged.
The wight hits you with a +3 morningstar.
You hit the wight but do no damage.
The wight is lightly damaged.
You hit the wight but do no damage.
The wight is lightly damaged.
The wight misses you.
You hit the wight but do no damage.
The wight is lightly damaged.
You hit the wight but do no damage.
The wight is lightly damaged.
You hit the wight but do no damage. You barely miss the wight.
You closely miss the wight. You punch the wight, but do no damage.
You barely miss the wight. The wight misses you.
You hit the wight but do no damage. You hit the wight but do no damage.
The wight hits you with a +3 morningstar!!
Ouch! That really hurt!
* * * LOW HITPOINT WARNING * * *
You feel drained.
* * * LOW HITPOINT WARNING * * *
You hit the wight.
Your tail-slap misses the wight.
The wight is lightly damaged.
The wight hits you with a +3 morningstar.
* * * LOW HITPOINT WARNING * * *
You feel drained.
You die...

############ #_________.#
#_________.#
#_______...###########++#
##########'##............
#..(.')))'.##......#..#..
##########z##............
#.......@zz.'............
#'#####†#####......#..#..
#.#[[#.....##............
#.#))#####'#####'#####++#
#.#))#.....##.......#
#.#))#.....##.......#
#.#..###†####.......#
#z##'#.....##...<...#
#.#........##.......#


You could see 3 wights.

Vanquished Creatures
  A necrophage (D)
  A scorpion (D)
  An endoplasm (D)
  A giant cockroach (D)
  2 hobgoblins (D)
  A quokka (D)
  A frilled lizard (D)
  A quokka skeleton (D)
  A rat (D)
10 creatures vanquished.

Notes
Turn   | Place    | Note
-------+----------+-------------------------------------------
     0 | D        | NinjaNoafa the Armataur Warper began the quest for the Orb.
     0 | D        | Reached XP level 1. HP: 18/18 MP: 3/3
     8 | D        | Noticed a scorpion
    16 | D        | Killed a scorpion
    17 | D        | Reached skill level 4 in Translocations
    17 | D        | Reached XP level 2. HP: 13/27 MP: 4/6
    17 | D        | Reached XP level 3. HP: 16/33 MP: 4/7
    43 | D        | Found a bloodstained altar of Trog.
    43 | D        | Found a shimmering blue altar of Sif Muna.
    43 | D        | Found a viscous altar of Jiyva.
    43 | D        | Found a hazy altar of Hepliaklqana.
    43 | D        | Found an opulent altar of Gozag.
    44 | D        | Found a glowing golden altar of the Shining One.
    44 | D        | Found a glowing silver altar of Zin.
    44 | D        | Found a basalt altar of Yredelemnul.
    44 | D        | Found a shimmering altar of Xom.
    44 | D        | Found an ornate altar of the Wu Jian Council.
    44 | D        | Found a sacrificial altar of Ru.
    44 | D        | Found a stormy altar of Qazlal.
    44 | D        | Found an iron altar of Okawaru.
    44 | D        | Found a sparkling altar of Nemelex Xobeh.
    44 | D        | Found a burning altar of Makhleb.
    44 | D        | Found a blossoming altar of Fedhas.
    44 | D        | Found a white marble altar of Elyvilon.
    44 | D        | Found a shadowy altar of Dithmenos.
    44 | D        | Found a snail-covered altar of Cheibriados.
    45 | D        | Found a radiant altar of Vehumet.
    45 | D        | Found a corrupted altar of Lugonu.
    46 | D        | Found a hide-covered altar of Uskayaw.
    46 | D        | Found an ancient bone altar of Kikubaaqudgha.
    46 | D        | Found a broken altar of Ashenzari.
    54 | D        | Became a worshipper of Uskayaw the Reveller
   100 | D        | Learned a level 2 spell: Blink
   103 | D        | Learned a level 2 spell: Lesser Beckoning
   107 | D        | Learned a level 3 spell: Teleport Other
   116 | D        | Reached * piety under Uskayaw
   145 | D        | Reached ** piety under Uskayaw
   239 | D        | Noticed a necrophage
   239 | D        | Noticed a wight
   239 | D        | Noticed a wight
   240 | D        | Noticed a wight
   240 | D        | Noticed a wight
   258 | D        | Killed a necrophage
   259 | D        | Reached skill level 5 in Translocations
   259 | D        | Reached XP level 4. HP: 16/42 MP: 7/9
   267 | D        | Learned a level 3 spell: Vhi's Electric Charge
   316 | D        | HP: 1/32 [wight/+3 morningstar (6)]
   316 | D        | Slain by a wight

Illustrated notes

Levels and vault maps discovered:
D:        pitsprint [storerooms_1, entrance_room_1, metal_vault_5, armoury_2,
          mini_pit_1, grid_room_1, main_hall_1, silver_pit, the_coven_3,
          the_vestibule_1, steel_vault_3, golden_pit, hallway_of_sentries,
          crystal_vault_4, iron_vault_2, final_vault]

Skill      XL: |  1  2  3 |
---------------+----------+-----
Fighting       | 3 4 |  4.0
Short Blades   | 3 4 |  4.0
Armour         | 3 |  3.0
Dodging        | 2 3 |  3.3
Spellcasting   | 3 |  3.8
Translocations | 4 5 |  5.1
Throwing       | |  0.8

Action                     |  1- 3 |  4- 6 || total
---------------------------+-------+-------++-------
  Melee: Short sword       |     7 |       ||     7
         Dagger            |    41 |    20 ||    61
         Tailslap          |     4 |     2 ||     6
         Punch             |       |     1 ||     1
   Cast: Blink             |       |     1 ||     1
         Vhi's Electric Ch |       |     1 ||     1
    Use: Potion            |     1 |     5 ||     6
         Scroll            |       |     1 ||     1
 Armour: Leather armour    |    17 |       ||    17
  Dodge: Dodged            |    11 |     5 ||    16

Table legend: (Time is in decaauts)
 A = Elapsed time spent in this place.
 B = Non-inter-level travel time spent in this place.
 C = Inter-level travel time spent in this place.
 D = Time resting spent in this place.
 E = Time spent auto-exploring this place.
 F = Levels seen in this place.
 G = Mean time per level.
                   A        B        C        D        E       F      G
               +--------+--------+--------+--------+--------+-----+--------+
         Total |    306 |    271 |     35 |     69 |      0 |   1 |  306.0 |
       Dungeon |    306 |    271 |     35 |     69 |      0 |   1 |  306.0 |
               +--------+--------+--------+--------+--------+-----+--------+

Top non-repeatable levels by time:
       D: 306 daAuts
